 Dungeon Sprint DCSS version 0.31.0-32-g396128a36d (webtiles) character file.

Game seed: 8041529743072026160

9429 Groucho the Geomancer (level 11, -6/58 HPs)
             Began as a Spriggan Earth Elementalist on Apr 5, 2024.
             Was the Champion of Sif Muna.
             Mangled by a redback (17 damage)
             ... in the Dungeon (Sprint VII: "The Pits").
             The game lasted 00:16:58 (6123 turns).

Groucho the Geomancer (Spriggan Earth Elementalist) Turns: 6123, Time: 00:16:58

Health: -6/58      AC:  3    Str:  4    XL:     11   Next: 22%
Magic:  10/27      EV: 17    Int: 24    God:    Sif Muna [******]
Gold:   0          SH:  0    Dex: 19    Spells: 7/33 levels left

rFire   . . .        h - +2 dagger
rCold   + . .        (no shield)
rNeg    . . .        t - +0 robe {rC+}
rPois   .            (helmet restricted)
rElec   .            r - +0 cloak
rCorr   .            (gloves unavailable)
SInv    +            (boots unavailable)
Will    +....        (no amulet)
Stlth   ++++         m - +3 ring of intelligence
HPRegen 0.29/turn    n - +3 ring of dexterity
MPRegen 0.20/turn

%: no teleportation
@: lethally poisoned (-6 -> -51), very quick
A: very small, no large weapons, unfitting armour, see invisible, speed 3
a: Renounce Religion, Channel Magic, Forget Spell, Divine Exegesis


You were in the Dungeon.
You worshipped Sif Muna.
Sif Muna was exalted by your worship.
You visited 1 branch

Inventory:

Hand Weapons
 h - a +2 dagger (weapon)
 q - a +2 rapier of electrocution
Armour
 r - a +0 cloak (worn)
 s - a +0 troll leather armour
 t - a +0 robe of cold resistance (worn)
Jewellery
 m - a +3 ring of intelligence (left hand)
 n - a +3 ring of dexterity (right hand)
Scrolls
 g - a scroll of blinking
 j - 2 scrolls of vulnerability
 k - 5 scrolls of amnesia
 l - a scroll of summoning
Potions
 b - 5 potions of magic
 c - 6 potions of curing
 d - 7 potions of heal wounds
 e - 2 potions of haste
 f - 3 potions of berserk rage
 i - 2 potions of invisibility
 o - 2 potions of resistance
 p - 4 potions of might


   Skills:
 + Level 7.1 Fighting
 - Level 5.0 Short Blades
 - Level 2.6 Dodging
 - Level 7.0 Stealth
 + Level 11.9 Spellcasting
 * Level 10.6 Conjurations
 + Level 4.6 Summonings
 + Level 4.8 Translocations
 + Level 4.6 Fire Magic
 * Level 12.9 Earth Magic
 + Level 9.2 Alchemy
 + Level 8.4 Invocations


You had 7 spell levels left.
You knew the following spells:

 Your Spells              Type           Power      Damage    Failure   Level
a - Sandblast             Erth           100%       2d20      1%          1
b - Stone Arrow           Conj/Erth      100%       3d13      1%          3
c - Petrify               Alch/Erth      61%        N/A       1%          4
d - Brom's Barrelling Bo  Conj/Erth      63%        2d8       1%          4
e - Fireball              Conj/Fire      25%        3d11      5%          5
f - Call Canine Familiar  Summ           36%        N/A       1%          3
g - Irradiate             Conj/Alch      29%        3d21      1%          5
h - Apportation           Tloc           74%        N/A       1%          1

Your spell library contained the following spells:

 Spells                   Type           Power      Damage    Failure   Level
 Magic Dart               Conj           100%       1d8       1%          1
 Sting                    Conj/Alch      100%       1d9       1%          1
 Summon Small Mammal      Summ           100%       N/A       1%          1
 Cigotuvi's Dreadful Rot  Necr/Alch/Air  58%        N/A       1%          2
 Mercury Vapours          Alch/Air       72%        N/A       1%          2
 Momentum Strike          Conj/Tloc      100%       3d10      1%          2
 Mephitic Cloud           Conj/Alch/Air  46%        N/A       1%          3
 Passwall                 Erth           67%        N/A       1%          3
 Flame Wave               Conj/Fire      50%        2d12      1%          4
 Fulminant Prism          Conj/Alch      29%        3d14      1%          4
 Olgreb's Toxic Radiance  Alch           55%        N/A       1%          4
 Iskenderun's Battlesphe  Conj           60%        2d11      1%          5
 Ignite Poison            Fire/Alch      47%        N/A       2%          4
 Sticky Flame             Fire/Alch      47%        2d9       2%          4
 Alistair's Intoxication  Alch           36%        N/A       2%          5
 Necrotise                Necr           56%        1d6       4%          1
 Inner Flame              Hex/Fire       25%        N/A       4%          3
 Jinxbite                 Hex            28%        N/A       7%          2
 Yara's Violent Unravell  Hex/Alch       18%        3d9       19%         5
 Freezing Cloud           Conj/Ice/Air   15%        6-21      28%         5
 Airstrike                Air            7%         2d(1-17)  41%         4
 Metabolic Englaciation   Hex/Ice        7%         N/A       77%         5
 Enfeeble                 Hex            7%         N/A       100%        7


Dungeon Overview and Level Annotations

Branches:
Dungeon (1/1)

Altars:
Ashenzari
Cheibriados
Dithmenos
Elyvilon
Fedhas
Gozag
Hepliaklqana
Kikubaaqudgha
Makhleb
Nemelex Xobeh
Okawaru
Qazlal
Ru
Sif Muna
Trog
Uskayaw
Vehumet
Wu Jian
Xom
Yredelemnul
Zin
The Shining One
Jiyva
Lugonu


Innate Abilities, Weirdness & Mutations

You are very small and have problems with some larger weapons.
You are too small for most types of armour.
You have supernaturally acute eyesight. (SInv)
You cover ground extremely quickly. (Speed+++)


Message History

The wraith is severely damaged.
The wraith barely misses you. The redback barely misses you.
Unknown command.
The redback attacks as it pursues you! The redback bites you!
The redback barely misses you. The redback completely misses you.
Aiming: Stone Arrow (safe; 1% risk of failure)
Press: ? - help, Q - select action, (/) - cycle Shift-Dir - straight line, f/p - wraith
Aim: a wraith (severely damaged, 78% to hit)
The stone arrow misses the redback.
The stone arrow hits the wraith!!
You destroy the wraith!
Sif Muna accepts your kill. The redback closely misses you.
Unknown command.
Aiming: Stone Arrow (safe; 1% risk of failure)
Press: ? - help, Q - select action, (/) - cycle Shift-Dir - straight line, f - redback
Aim: a redback (72% to hit)
The stone arrow hits the redback!!
The redback is severely wounded.
The redback bites you.
You are poisoned.
The redback poisons you! The redback bites you!
You are lethally poisoned!
The redback poisons you!
Unknown command.
Aiming: Stone Arrow (safe; 1% risk of failure)
Press: ? - help, Q - select action, (/) - cycle Shift-Dir - straight line, f/p - redback
Aim: a redback (severely wounded, 72% to hit)
The stone arrow misses the redback.
You feel extremely sick. The redback misses you.
Unknown command.
Aiming: Stone Arrow (safe; 1% risk of failure)
Press: ? - help, Q - select action, (/) - cycle Shift-Dir - straight line, f/p - redback
Aim: a redback (severely wounded, 72% to hit)
The stone arrow misses the redback.
You feel less invigorated.
* * * LOW HITPOINT WARNING * * *
You feel extremely sick. The redback bites you!
You die...

### ########## ##########
.#...'....###...##....##
##...###...#...# ......#
.'...'.##.....####....# ##
)##'##..##...##..##..##..##
##...##..'...#............#
#....)#..#...#....#..#....##
).....'..)...'..@s..........
#.....#..#..)#....#..#....##
##...##..'...#............#
.##'##..##...##..##..##..##
.'...'.##.....####....# ##
##...###...#...# ......#
#...'....###...##....##
########### ##########


You could see a redback.

Vanquished Creatures
  Josephine (D)
  An anaconda (D)
  An orc high priest (D)
  A shadow wraith (D)
  A deep troll (D)
  A lindwurm (D)
  A merfolk siren (D)
  A cane toad (D)
  A guardian mummy (D)
  An efreet (D)
  A komodo dragon (D)
  Prince Ribbit (D)
  A troll (D)
  A tyrant leech (D)
  2 glass eyes (D)
  A shadow (D)
  A spriggan (D)
  4 wraiths (D)
  3 yaks (D)
  2 wargs (D)
  A steam dragon (D)
  3 redbacks (D)
  2 ice beasts (D)
  A sky beast (D)
  A small abomination (D)
  An orc warrior (D)
  An ogre (D)
  A centaur (D)
  6 wolves (D)
  A phantom (D)
  A weeping skull (D)
  A brain worm (D)
  A gnoll sergeant (D)
  A scorpion (D)
  2 crimson imps (D)
  A hound (D)
  A jelly (D)
  5 orc priests (D)
  An orc wizard (D)
  2 gnolls (D)
  An adder (D)
  A river rat (D)
  A white imp (D)
  An ufetubus (D)
  An adder skeleton (D)
  3 orcs (D)
  A bat zombie (D)
  3 endoplasms (D)
  A giant cockroach (D)
  A hobgoblin (D)
  A kobold (D)
  A frilled lizard (D)
  A quokka zombie (D)
  2 rats (D)
80 creatures vanquished.

Vanquished Creatures (collateral kills)
  2 boulders (D)
2 creatures vanquished.

Vanquished Creatures (others)
  An orc (D)
  A frilled lizard (D)
  8 boulders (D)
10 creatures vanquished.

Grand Total: 92 creatures vanquished

Notes
Turn   | Place    | Note
-------+----------+-------------------------------------------
     0 | D        | Groucho the Spriggan Earth Elementalist began the quest for
                  | the Orb.
     0 | D        | Reached XP level 1. HP: 9/9 MP: 5/5
    11 | D        | Reached skill level 1 in Conjurations
    37 | D        | Found a glowing golden altar of the Shining One.
    37 | D        | Found a glowing silver altar of Zin.
    37 | D        | Found a basalt altar of Yredelemnul.
    37 | D        | Found a shimmering altar of Xom.
    37 | D        | Found an ornate altar of the Wu Jian Council.
    37 | D        | Found a bloodstained altar of Trog.
    37 | D        | Found a shimmering blue altar of Sif Muna.
    37 | D        | Found a sacrificial altar of Ru.
    37 | D        | Found a stormy altar of Qazlal.
    37 | D        | Found an iron altar of Okawaru.
    37 | D        | Found a sparkling altar of Nemelex Xobeh.
    37 | D        | Found a burning altar of Makhleb.
    37 | D        | Found a viscous altar of Jiyva.
    37 | D        | Found a hazy altar of Hepliaklqana.
    37 | D        | Found an opulent altar of Gozag.
    37 | D        | Found a blossoming altar of Fedhas.
    37 | D        | Found a white marble altar of Elyvilon.
    37 | D        | Found a shadowy altar of Dithmenos.
    37 | D        | Found a snail-covered altar of Cheibriados.
    38 | D        | Found a radiant altar of Vehumet.
    38 | D        | Found a corrupted altar of Lugonu.
    39 | D        | Found an ancient bone altar of Kikubaaqudgha.
    39 | D        | Found a hide-covered altar of Uskayaw.
    39 | D        | Found a broken altar of Ashenzari.
    40 | D        | Became a worshipper of Sif Muna the Loreminder
    49 | D        | Noticed a glass eye
    58 | D        | Reached skill level 3 in Earth Magic
    66 | D        | Killed a glass eye
    67 | D        | Reached skill level 5 in Conjurations
    67 | D        | Reached skill level 6 in Earth Magic
    67 | D        | Reached XP level 2. HP: 13/13 MP: 0/10
    67 | D        | Reached XP level 3. HP: 16/16 MP: 0/11
    67 | D        | Reached XP level 4. HP: 21/21 MP: 0/13
    67 | D        | Reached XP level 5. HP: 24/24 MP: 0/14
   266 | D        | Learned a level 3 spell: Stone Arrow
   271 | D        | Learned a level 4 spell: Petrify
   276 | D        | Learned a level 4 spell: Brom's Barrelling Boulder
   283 | D        | Reached * piety under Sif Muna
   308 | D        | Reached skill level 7 in Earth Magic
   308 | D        | Reached ** piety under Sif Muna
   438 | D        | Reached skill level 1 in Short Blades
   438 | D        | Reached skill level 1 in Alchemy
   438 | D        | Reached skill level 1 in Invocations
   483 | D        | Reached *** piety under Sif Muna
   484 | D        | Reached skill level 1 in Fighting
   612 | D        | Reached XP level 6. HP: 30/30 MP: 3/17
   816 | D        | Noticed an ice beast
   827 | D        | Killed an ice beast
   828 | D        | Reached skill level 5 in Stealth
  1196 | D        | Reached **** piety under Sif Muna
  1197 | D        | Reached skill level 8 in Earth Magic
  1344 | D        | Noticed a lindwurm
  1349 | D        | Killed a lindwurm
  1350 | D        | Reached skill level 9 in Earth Magic
  1350 | D        | Reached XP level 7. HP: 34/36 MP: 8/19
  1716 | D        | Reached XP level 8. HP: 40/40 MP: 14/21
  2064 | D        | Noticed Prince Ribbit
  2064 | D        | Noticed a guardian mummy
  2106 | D        | Killed Prince Ribbit
  2107 | D        | Reached skill level 5 in Short Blades
  2107 | D        | Reached skill level 5 in Alchemy
  2275 | D        | Killed a guardian mummy
  2276 | D        | Reached skill level 5 in Invocations
  2414 | D        | Reached ***** piety under Sif Muna
  2419 | D        | Reached skill level 10 in Earth Magic
  2446 | D        | Reached XP level 9. HP: 21/46 MP: 12/23
  2747 | D        | Noticed a merfolk siren
  2750 | D        | Killed a merfolk siren
  2751 | D        | Reached skill level 5 in Fighting
  2751 | D        | Received a gift from Sif Muna
  2752 | D        | Got Sif Muna's Writings on Cooperative Outbursts {god gift}
  2759 | D        | Learned a level 5 spell: Fireball
  2763 | D        | Learned a level 3 spell: Call Canine Familiar
  2961 | D        | Reached skill level 10 in Spellcasting
  3353 | D        | Noticed an orc high priest
  3364 | D        | Reached skill level 1 in Summonings
  3364 | D        | Reached skill level 1 in Fire Magic
  3385 | D        | Received a gift from Sif Muna
  3400 | D        | Killed an orc high priest
  3401 | D        | Reached skill level 11 in Earth Magic
  3520 | D        | Noticed an efreet
  3594 | D        | Received a gift from Sif Muna
  3595 | D        | Got Qazov's Lessons on the Catalyst {god gift}
  3602 | D        | Learned a level 5 spell: Irradiate
  3628 | D        | Killed an efreet
  3629 | D        | Reached XP level 10. HP: 53/53 MP: 3/25
  3699 | D        | Noticed a deep troll
  3714 | D        | Killed a deep troll
  3777 | D        | Noticed a cane toad
  3781 | D        | Killed a cane toad
  4057 | D        | Noticed an anaconda
  4097 | D        | Killed an anaconda
  4098 | D        | Reached skill level 12 in Earth Magic
  4109 | D        | Received a gift from Sif Muna
  4374 | D        | Reached ****** piety under Sif Muna
  4687 | D        | Received a gift from Sif Muna
  4688 | D        | Reached skill level 10 in Conjurations
  4691 | D        | Learned a level 1 spell: Apportation
  4828 | D        | Reached skill level 1 in Translocations
  4894 | D        | Received a gift from Sif Muna
  4895 | D        | Got Sif Muna's Anthology of Concussion {god gift}
  5229 | D        | Noticed Josephine
  5252 | D        | Killed Josephine
  5802 | D        | Reached XP level 11. HP: 58/58 MP: 17/27
  5802 | D        | Noticed a shadow wraith
  5803 | D        | Received a gift from Sif Muna
  5808 | D        | Got Nilarauc's Excursus on Enchanting Voltage {god gift}
  5917 | D        | Killed a shadow wraith
  6123 | D        | Mangled by a redback

Illustrated notes

Levels and vault maps discovered:
D:        pitsprint [storerooms_1, entrance_room_1, metal_vault_6, armoury_2,
          mini_pit_1, grid_room_1, main_hall_1, silver_pit, the_coven_3,
          the_vestibule_1, steel_vault_1, golden_pit, hallway_of_sentries,
          crystal_vault_2, iron_vault_4, final_vault]

Skill      XL: |  1  2  3  4  5  6  7  8  9 10 11 |
---------------+----------------------------------+-----
Conjurations   | 5 7 8 9 10 | 10.6
Spellcasting   | 6 7 8 9 10 11 | 11.9
Earth Magic    | 6 7 9 10 11 12 | 12.9
Short Blades   | 2 4 5 |  5.0
Alchemy        | 2 4 6 7 8 9 |  9.2
Invocations    | 2 4 5 6 8 |  8.4
Fighting       | 1 3 4 5 6 7 |  7.1
Stealth        | 4 7 |  7.0
Summonings     | 2 4 |  4.6
Fire Magic     | 2 4 |  4.6
Translocations | 3 4 |  4.8
Dodging        | |  2.6

Action                     |  1- 3 |  4- 6 |  7- 9 | 10-12 || total
---------------------------+-------+-------+-------+-------++-------
  Melee: Dagger            |     6 |     2 |     8 |    20 ||    36
   Cast: Sandblast         |     6 |     3 |       |       ||     9
         Stone Arrow       |       |    24 |    39 |    68 ||   131
         Brom's Barrelling |       |       |    10 |     1 ||    11
         Petrify           |       |       |     7 |    11 ||    18
         Apportation       |       |       |       |     1 ||     1
 Invoke: Channel Magic     |       |       |     2 |     3 ||     5
    Use: Potion            |       |       |     2 |     2 ||     4
   Stab: Sleeping          |     1 |     2 |       |     1 ||     4
         Petrified         |       |       |     7 |     9 ||    16
         Petrifying        |       |       |     1 |     1 ||     2
 Armour: Robe              |     1 |     2 |    12 |    19 ||    34
  Dodge: Dodged            |       |     6 |     5 |    30 ||    41
